 Dungeon Crawl Stone Soup version 0.32-a0-711-g016ad743e0 (webtiles) character file.

Game seed: 3873297628465981181

1925006 fpsbossfight the Axe Maniac (level 26, 190/190 HPs)
             Began as a Gargoyle Berserker on Mar 14, 2024.
             Was a High Priest of Trog.
             Escaped with the Orb
             ... and 3 runes on Mar 15, 2024!
             The game lasted 02:15:14 (50356 turns).

fpsbossfight the Axe Maniac (Gargoyle Berserker)   Turns: 50356, Time: 02:15:15

Health: 190/190    AC: 61    Str: 35    XL:     26   Next: 21%
Magic:  23/23      EV: 17    Int: 13    God:    Trog [*****.]
Gold:   7442       SH:  4    Dex: 24    Spells: 25/25 levels left

rFire   + + .        a - +6 executioner's axe of the Valley {vamp, Will+ Str+3}
rCold   + . .        (shield currently unavailable)
rNeg    + . .        W - +4 gold dragon scales
rPois   ∞            U - +1 helmet of Litzof {Str+3 Dex+3}
rElec   +            Z - +0 cloak
rCorr   .            M - +2 pair of gloves "Vairushrol" {Rampage rPois Int+3 Slay+3}
SInv    +            j - +0 pair of boots of Sif Muna's Hope {rElec rF+ Str+2}
Will    ++...        G - amulet of faith {!P} Stlth
                     q - ring of Zomaoq {+Blink Dex+6}
HPRegen 0.51/turn    E - +5 ring of evasion
MPRegen 0.18/turn

%: rampage, faith
@: flying
A: sickness immunity, AC +20, big wings, negative energy resistance 1,
electricity resistance, torment resistance 1, petrification resistance, large
bone plates 1, see invisible, agile 1, mutation resistance 1
0: Orb of Zot
}: 3/15 runes: decaying, silver, gossamer
a: Renounce Religion, Evoke Blink, Berserk, Trog's Hand, Brothers in Arms


You escaped.
You worshipped Trog.
Trog was extremely pleased with you.
You visited 9 branches of the dungeon, and saw 46 of its levels.
You visited the Abyss 1 time.
You visited 1 bazaar.
You also visited: Trove, Sewer, Wizlab and Desolation.

You collected 10192 gold pieces.
You spent 2750 gold pieces at shops.

Inventory:

Hand Weapons
 a - the +6 executioner's axe of the Valley (weapon) {vamp, Will+ Str+3}
   (You acquired it on level 9 of the Dungeon)

   Str+3:     It affects your strength (+3).
   Will+:     It increases your willpower.
 b - a +9 antimagic executioner's axe
   (Trog gifted it to you on level 2 of the Orcish Mines)
Missiles
 f - a curare-tipped dart {!f}
 Y - 6 javelins
Armour
 j - the +0 pair of boots of Sif Muna's Hope (worn) {rElec rF+ Str+2}
   (You found it on level 3 of the Swamp)

   Str+2:     It affects your strength (+2).
   rF+:       It protects you from fire.
   rElec:     It insulates you from electricity.
 M - the +2 pair of gloves "Vairushrol" (worn) {Rampage rPois Int+3 Slay+3}
   (You acquired it on level 9 of the Dungeon)

   Int+3:     It affects your intelligence (+3).
   Slay+3:    It affects your accuracy & damage with ranged weapons and melee
   (+3).
   rPois:     It protects you from poison.
   Rampage:   It bestows one free step when moving towards enemies.
 U - the +1 helmet of Litzof (worn) {Str+3 Dex+3}
   (You acquired it on level 2 of the Vaults)

   Str+3:     It affects your strength (+3).
   Dex+3:     It affects your dexterity (+3).
 W - +4 gold dragon scales (worn)
   (You bought it in a shop on level 2 of the Orcish Mines)
 Z - a +0 cloak (worn)
   (You found it on level 11 of the Dungeon)
Jewellery
 q - the ring of Zomaoq (left hand) {+Blink Dex+6}
   (You took it off Margery on level 5 of the Vaults)

   [ring of dexterity]

   Dex+6:     It affects your dexterity (+6).
   +Blink:    It lets you blink.
 y - a ring of protection from fire
   (You found it on level 5 of the Dungeon)
 E - a +5 ring of evasion (right hand)
   (You found it on level 6 of the Dungeon)
 G - an amulet of faith (around neck) {!P}
   (You found it on level 11 of the Dungeon)
 O - a ring of resist corrosion
   (You found it on level 1 of the Lair of Beasts)
 S - a ring of protection from cold
   (You found it on level 4 of the Lair of Beasts)
Wands
 l - a wand of quicksilver (25)
   (You found it on level 3 of the Lair of Beasts)
 t - a wand of flame (91)
   (You took it off Pikel on level 5 of the Dungeon)
 B - a wand of roots (48)
   (You found it on level 15 of the Dungeon)
 H - a wand of charming (51)
   (You took it off an orc on level 8 of the Dungeon)
 I - a wand of polymorph (29)
   (You found it on level 8 of the Dungeon)
 N - a wand of mindburst (3)
   (You found it on level 3 of the Lair of Beasts)
Scrolls
 c - 11 scrolls of teleportation {@r4}
 g - 4 scrolls of vulnerability {!r}
 m - 4 scrolls of blinking
 w - 6 scrolls of immolation {!r}
 A - 2 scrolls of silence
 F - 8 scrolls of poison
 J - 4 scrolls of fear
 K - a scroll of noise {!r}
 P - 2 scrolls of summoning
 Q - a scroll of torment {!r}
 R - a scroll of revelation
 V - 9 scrolls of fog
Potions
 d - 7 potions of lignification {!q}
 h - 21 potions of curing {@q1}
 k - a potion of resistance
 n - 11 potions of enlightenment
 o - 2 potions of magic
 p - 6 potions of heal wounds {@q2}
 r - 3 potions of cancellation
 s - 3 potions of haste {@q3}
 x - 21 potions of mutation {!q}
 z - 3 potions of invisibility
 C - 5 potions of might
 X - 7 potions of ambrosia
Miscellaneous
 e - a lightning rod (4/4) {!a}
   (You found it on level 15 of the Dungeon)
 i - a phantom mirror
   (You found it on level 5 of the Vaults)
 D - a condenser vane
   (You found it on level 15 of the Dungeon)
 T - a phial of floods
   (You found it on level 5 of the Lair of Beasts)


   Skills:
 - Level 26.0 Fighting
 O Level 27 Axes
 * Level 5.1 Throwing
 - Level 26.0 Armour
 + Level 6.1 Dodging
 - Level 14.8 Evocations


You had 25 spell levels left.
You didn't know any spells.
Your spell library was empty.

Dungeon Overview and Level Annotations

Branches:
Dungeon (15/15)            Temple (0/1) D:7            Lair (5/5) D:8
  Swamp (4/4) Lair:3       Spider (4/4) Lair:2        Slime (0/5) Lair:5
    Orc (2/2) D:10            Elf (2/3) Orc:2        Vaults (5/5) D:14
  Crypt (0/3) Vaults:2     Depths (4/4) D:15            Zot (5/5) Depths:4
  Sewer (visited)          WizLab (visited)         Desolation (visited)

Altars:
Ashenzari
Dithmenos
Elyvilon
Fedhas
Gozag
Hepliaklqana
Kikubaaqudgha
Qazlal
Ru
Vehumet
The Shining One
Beogh
Lugonu

Shops:
Orc:2 [(!=   Vaults:1 (

Portals:
Hell: Depths:1 Depths:2 Depths:3 Depths:4
Abyss: Lair:2 Depths:3
Pandemonium: Depths:2 Depths:3
Ziggurat: Depths:4

Annotations:
Lair:2 2 transporters, Curunk's ghost, journeyman HOBe
Depths:3 8 runed translucent doors


Innate Abilities, Weirdness & Mutations

You are immune to sickness and miasma.
Your stone body is resilient. (AC +20)
You are immune to poison.
Your large and strong wings let you fly.
You resist negative energy. (rN+)
You are resistant to electric shocks. (rElec)
You are resistant to unholy torment.
You are immune to petrification.
You are partially covered in large bone plates. (SH +4)
You have supernaturally acute eyesight. (SInv)
You are agile. (Dex +4, Str/Int -1)
You are somewhat resistant to further mutation.


Message History

You feel yourself slow down.
You regained 9 hp, and now have 185/190 hp.
There is a stone staircase leading up here.
You fly upwards.
There is a stone staircase leading down here.
You regained 2 hp, and now have 188/190 hp.
You see here a +0 orcbow.
A ynoxinul comes into view.
Health restored: 190
There is a stone staircase leading up here.
The ynoxinul gestures.
You fly upwards.
There is a stone staircase leading down here.
A sun demon comes into view.
The sun demon hits you but does no damage.
The sun demon attacks as it pursues you!
The sun demon misses you.
The sun demon attacks as it pursues you!
The sun demon barely misses you.
There is a stone staircase leading up here.
You slice the sun demon!! The sun demon barely misses you.
You chop the sun demon into pieces!!!!
You kill the sun demon!
Trog accepts your kill.
You fly upwards.
There is a stone staircase leading down here.
You see here a +0 scale mail.
There is a stone staircase leading up here.
You fly upwards.
There is a stone staircase leading down here.
There is an open door here.
There is an open door here.
There is a stone staircase leading up here.
You fly upwards.
There is a stone staircase leading down, spattered with blood here.
Things that are here:
4 stones; a +0 club; a goblin skeleton
Things that are here:
a +0 club; a kobold skeleton An Orb Guardian comes into view.
There is a stone staircase leading up here.
You fly upwards.
There is a stone staircase leading down here.
Okay, then.
Unknown command.
Things that are here:
a +0 dagger; a rat skeleton; a goblin skeleton
There is an open door here.
There is a staircase leading out of the dungeon here.
You have escaped!

#.###.# #.########.####.#
#.. #.# #.#
#...............# #..
###'###.#######.######..####
#..
#.......##☼~○○#'#~~~~##.#
#..
#....####~~○~~#.#~~~~~#.#
### #.(..# #~~#~~#.#~~#~~#.#
#....# #~~~~~#.#~~~☼~#.#
#....#
#~~~~~#.#☼~○~~#.#######
#....#
#~~§~~#@#~~~~~#.##....#
#....#
#~~~~°#.#~~~~~#.##....#
#....#
#~~#~~#.#~~#~~#.##....#
#....#
#~~~~~#.#~~~~~#.##....##
######
#~~~~~#.#~~~~~#.........
##~~~~#'#~~~~####.......
######.######..........
#.##............##
#...............##


There were no monsters in sight!

Vanquished Creatures
  2 dread liches (Zot:5)
  2 orbs of fire (Zot:5)
  3 ancient liches
  Boris (Depths:1)
  Bai Suzhen (Swamp:3)
  the Lernaean hydra (Swamp:4)
  Margery (Vaults:5)
  Nikola (Swamp:3)
  7 golden dragons
  Norris (Depths:2)
  A mutant beast (WizLab)
  The ghost of shadizar the Eclecticist, an adept DjEE of Makhleb (Swamp:3)
  2 electric golems
  The ghost of Ukhlin the Fencer, an adept DsMo of Wu Jian (Vaults:1)
  Jorgrun (Orc:1)
  A hellephant (Vaults:5)
  3 tentacled monstrosities
  Zenata (Vaults:1)
  A walking earthen tome (Depths:3)
  9 Orb Guardians (Zot:5)
  4 liches
  A deep elf blademaster (Elf:2)
  A walking frostbound tome (Depths:2)
  A quicksilver dragon (Vaults:5)
  3 titans
  4 sphinxes
  A tentacled starspawn (Abyss:3)
  Frances (Elf:1)
  2 death cobs
  13 shadow dragons
  Aizul (Swamp:2)
  9 storm dragons
  A draconian monk (Zot:3)
  A fenstrider witch (Swamp:4)
  The ghost of Xeapikeu the Stormcaller, an adept TeAE of Hepliaklqana (D:14)
  A thorn hunter (Swamp:3)
  4 tengu reavers
  4 draconian knights
  4 protean progenitors
  12 frost giants
  A deep elf sorcerer (Vaults:5)
  10 fire giants
  3 draconian shifters (Zot:3)
  3 emperor scorpions (Spider:4)
  2 draconian scorchers
  17 vault wardens
  3 imperial myrmidons (Desolation)
  An orc warlord (Vaults:3)
  4 iron dragons
  2 angels
  5 ghost moths
  A ghoul (Swamp:3)
  28 very ugly things
  17 stone giants
  A draconian stormcaller (Zot:4)
  A broodmother (shapeshifter) (Depths:1)
  2 draconian annihilators
  2 spriggan defenders (Depths:2)
  23 ironbound preservers
  5 ironbound thunderhulks
  4 black draconians
  2 green draconians
  2 broodmothers (Spider:4)
  4 eleionomae
  7 dire elephants
  A halazid warlock (Desolation)
  A red draconian (Zot:4)
  2 purple draconians
  3 deep elf demonologists
  6 bunyips
  6 vampire knights
  2 deep elf annihilators
  Azrael (D:12)
  4 yellow draconians
  2 deep elf death magi
  3 white draconians (Zot:3)
  6 spark wasps
  6 war gargoyles
  Snorg (D:11)
  12 ettins
  9 fire dragons
  2 merfolk javelineers
  5 entropy weavers
  2 shambling mangroves (Swamp:3)
  3 crystal guardians
  3 deep elf high priests
  5 ragged hierophants (Desolation)
  A merfolk impaler (Depths:4)
  6 rakshasas
  14 hydras
  9 servants of whispers (Desolation)
  11 yaktaur captains
  9 ice dragons
  10 peacekeepers
  3 great orbs of eyes
  Erolcha (D:12)
  38 vault guards
  9 ironbound frosthearts
  Fannar (D:12)
  12 radroaches
  24 centaur warriors
  5 ogre magi
  4 spriggan air magi
  4 death knights
  8 boulder beetles
  6 ghost crabs
  5 jorogumos
  13 alligators
  The ghost of seren the Mimic, a journeyman OpSh of Gozag (D:12)
  3 two-headed ogres (shapeshifter) (WizLab)
  11 two-headed ogres
  A satyr (shapeshifter) (WizLab)
  26 dancing weapons
  7 tengu warriors
  2 deep troll shamans
  8 demonic crawlers
  3 occultists
  A shock serpent (shapeshifter) (WizLab)
  A vampire mage (Depths:2)
  3 thrashing horrors (Abyss:3)
  9 spriggan berserkers
  9 deep troll earth magi
  28 hell knights
  2 sun demons
  A storm dragon zombie (D:15)
  14 spriggans
  14 deep elf knights
  7 iron trolls
  4 wretched stars (Abyss:3)
  7 skeletal warriors (D:15)
  A spark wasp zombie (D:15)
  3 skysharks (Depths:2)
  A spriggan rider (Depths:3)
  6 pharaoh ants
  A glowing orange brain (shapeshifter) (Vaults:5)
  6 bog bodies
  2 spriggan druids
  4 sun moths (Spider:4)
  14 swamp dragons
  3 goliath frogs
  7 deep elf archers
  3 flayed ghosts
  24 deep trolls
  An orb spider (shapeshifter) (WizLab)
  4 glowing orange brains
  9 orb spiders
  A deep troll (shapeshifter) (WizLab)
  Pikel (D:5)
  23 ironbound convokers
  6 spectral wolf spiders (Spider:3)
  9 steelbarb worms
  5 arcanists
  An elf zombie (Vaults:3)
  10 necromancers
  21 deep elf zephyrmancers
  9 phantasmal warriors
  3 wolf spider zombies (Spider:3)
  2 lindwurms (shapeshifter)
  4 lindwurms
  23 deep elf pyromancers
  4 thermic dynamos (Elf:1)
  10 orc knights
  A tengu skeleton (Vaults:3)
  5 harpies
  30 ugly things
  28 wolf spiders
  10 orc sorcerers
  3 cyclopes
  12 will-o-the-wisps
  2 shining eyes (shapeshifter) (WizLab)
  An elephant (shapeshifter) (WizLab)
  10 large abominations
  A worldbinder (Abyss:3)
  20 vault sentinels
  12 meliai
  2 kobold blastminers (Orc:1)
  A naga mage (Abyss:3)
  3 manticores
  3 guardian serpents
  2 guardian serpents (shapeshifter)
  A rust devil (Depths:3)
  3 apocalypse crabs (Swamp:3)
  4 black mambas
  A water nymph (shapeshifter) (Vaults:5)
  14 moths of wrath
  2 eyes of devastation (shapeshifter) (WizLab)
  5 torpor snails
  2 smoke demons
  2 kobold demonologists
  3 rime drakes
  An orange demon (D:9)
  19 cane toads
  32 yaktaurs
  3 gargoyles
  A yaktaur (shapeshifter) (Elf:2)
  An efreet (Abyss:3)
  10 komodo dragons
  2 tengu conjurers
  6 freezing wraiths
  A red devil (Abyss:3)
  2 komodo dragons (shapeshifter) (WizLab)
  Grinder (D:4)
  10 tyrant leeches
  18 hornets
  6 trolls
  6 glass eyes
  4 polar bears
  A raiju (shapeshifter) (Abyss:3)
  29 tarantellas
  14 blink frogs
  The ghost of Gonzollydolly the Slasher, an amateur CoWr (D:4)
  2 hellwings (Abyss:3)
  4 wolf spider simulacra (Spider:3)
  4 dream sheep (Lair:4)
  2 raiju (Abyss:3)
  A centaur simulacrum (D:15)
  43 saltlings (Desolation)
  16 slime creatures
  25 jumping spiders
  15 water elementals
  2 shadows (D:12)
  3 air elementals
  A spriggan skeleton (D:15)
  A vampire (D:11)
  20 culicivoras
  A culicivora (shapeshifter) (Vaults:5)
  4 fire bats (Lair:5)
  3 ynoxinuls
  4 wyverns
  6 wraiths
  48 yaks
  A basilisk (D:15)
  A yak (shapeshifter) (WizLab)
  8 fire elementals
  A warg (Orc:1)
  62 redbacks
  A redback (shapeshifter) (WizLab)
  4 steam dragons
  A chaos spawn (Abyss:3)
  A golden eye (shapeshifter) (Vaults:2)
  19 vampire mosquitoes
  An iron golem (WizLab)
  Menkaure (D:4)
  10 swamp worms
  2 nagas (Abyss:3)
  2 swamp worms (shapeshifter)
  13 water moccasins
  2 hell hounds (D:12)
  An acid dragon (D:12)
  15 orc warriors
  7 swamp drakes
  9 laughing skulls (Abyss:3)
  7 ice beasts
  12 ogres
  8 small abominations
  6 black bears
  An ogre (shapeshifter) (WizLab)
  16 wolves
  11 centaurs
  2 lemures (D:5)
  2 phantoms (D:5)
  Blork the orc (D:4)
  2 weeping skulls (Abyss:3)
  8 kobold brigands
  20 bullfrogs
  An earth elemental (Elf:1)
  A gnoll sergeant (D:7)
  6 scorpions
  A human skeleton (Vaults:3)
  6 electric eels
  4 howler monkeys
  3 hounds
  4 jellies
  11 orc priests
  4 starcursed masses (Abyss:3)
  4 gnoll boudas
  An iron imp (Abyss:3)
  4 iguanas
  7 hell rats (Lair:2)
  29 orc wizards
  3 yak simulacra (Lair:4)
  2 polar bear simulacra (Lair:4)
  2 wolf simulacra (Lair:4)
  Robin (D:3)
  26 gnolls
  A river rat (Lair:4)
  13 adders
  A hound simulacrum (D:4)
  A shadow imp (D:6)
  A white imp (D:4)
  A howler monkey simulacrum (D:4)
  4 ufetubi
  7 dart slugs
  2 ribbon worms
  An adder simulacrum (D:4)
  52 orcs
  12 endoplasms
  8 giant cockroaches
  16 goblins
  17 hobgoblins
  5 jackals
  8 quokkas
  14 ball pythons
  4 bats
  7 frilled lizards
  32 kobolds
  7 rats
  4 river rat simulacra (Lair:4)
  An aspiring flesh (Zot:5)
  A spectral weapon (Swamp:3)
2075 creatures vanquished.

Vanquished Creatures (collateral kills)
  A tentacled monstrosity (Zot:3)
  A fenstrider witch (Swamp:3)
  An eleionoma (Swamp:3)
  3 bunyips (Swamp:1)
  3 hydras
  An alligator (Swamp:1)
  A spriggan (Swamp:1)
  A spriggan berserker (Swamp:3)
  2 goliath frogs (Swamp:1)
  A swamp dragon (Swamp:1)
  A bog body (Swamp:1)
  A large abomination (WizLab)
  A moth of wrath (Spider:4)
  4 cane toads (Lair:5)
  A hornet (Swamp:1)
  2 blink frogs (Lair:5)
  2 swamp worms (Swamp:1)
  A bullfrog (Lair:5)
  An orc (D:14)
29 creatures vanquished.

Vanquished Creatures (others)
  A quicksilver dragon (Zot:3)
  An ogre mage (D:14)
  A spriggan druid (Swamp:3)
  A deep elf pyromancer (Elf:2)
  A torpor snail (Spider:2)
  A hornet (Swamp:2)
  A bloated husk (Swamp:1)
  A jumping spider (Spider:1)
  A small abomination (Abyss:3)
  An ogre (D:14)
  An orc (Vaults:5)
  47 foxfires
  5 starspawn tentacles (Abyss:3)
63 creatures vanquished.

Grand Total: 2167 creatures vanquished

Notes
Turn   | Place    | Note
-------+----------+-------------------------------------------
     0 | D:1      | fpsbossfight the Gargoyle Berserker began the quest for the
                  | Orb.
     0 | D:1      | Reached XP level 1. HP: 14/14 MP: 1/1
    31 | D:1      | Reached skill level 3 in Axes
    75 | D:1      | Reached XP level 2. HP: 15/19 MP: 2/2
   204 | D:1      | Reached XP level 3. HP: 13/23 MP: 3/3
   379 | D:1      | Reached ** piety under Trog
   380 | D:1      | Reached skill level 4 in Axes
  1106 | D:2      | Reached XP level 4. HP: 15/28 MP: 4/4
  1792 | D:3      | Reached skill level 5 in Axes
  1792 | D:3      | Reached XP level 5. HP: 27/32 MP: 5/5
  1850 | D:3      | Found a stormy altar of Qazlal.
  1927 | D:3      | Reached *** piety under Trog
  1951 | D:3      | Noticed Robin
  1966 | D:3      | Killed Robin
  2049 | D:3      | Found a shadowy altar of Dithmenos.
  2307 | D:3      | Found an opulent altar of Gozag.
  2971 | D:4      | Reached skill level 6 in Axes
  2971 | D:4      | Reached XP level 6. HP: 32/37 MP: 6/6
  3565 | D:4      | Reached XP level 7. HP: 43/43 MP: 7/7
  3570 | D:4      | Found a sacrificial altar of Ru.
  3573 | D:4      | Found an ancient bone altar of Kikubaaqudgha.
  3575 | D:4      | Found a white marble altar of Elyvilon.
  3659 | D:4      | Noticed Menkaure
  3665 | D:4      | Killed Menkaure
  3717 | D:4      | Found a runed translucent gate.
  3717 | D:4      | Found a runed translucent gate.
  3720 | D:4      | Found a runed translucent gate.
  3796 | D:4      | Noticed Gonzollydolly's ghost (amateur CoWr)
  3828 | D:4      | Reached skill level 7 in Axes
  3965 | D:4      | Noticed Grinder
  3979 | D:4      | Killed Grinder
  3980 | D:4      | Reached skill level 5 in Fighting
  3980 | D:4      | Reached XP level 8. HP: 50/50 MP: 8/8
  4029 | D:4      | Noticed Blork the orc
  4034 | D:4      | Killed Blork the orc
  4264 | D:5      | Entered Level 5 of the Dungeon
  4305 | D:5      | Reached skill level 8 in Axes
  4719 | D:5      | Noticed Pikel
  4744 | D:5      | Killed Pikel
  4745 | D:5      | Reached skill level 9 in Axes
  4745 | D:5      | Reached XP level 9. HP: 57/57 MP: 9/9
  4912 | D:5      | Reached skill level 10 in Axes
  4940 | D:5      | Found a broken altar of Ashenzari.
  5304 | D:5      | Gained mutation: You have sharp fingernails. [potion of
                  | mutation]
  5304 | D:5      | Gained mutation: You have hidden genetic defects. [potion
                  | of mutation]
  5304 | D:5      | Gained mutation: You have supernaturally acute eyesight.
                  | (SInv) [potion of mutation]
  5305 | D:5      | Lost mutation: You have sharp fingernails. [potion of
                  | mutation]
  5305 | D:5      | Lost mutation: You have hidden genetic defects. [potion of
                  | mutation]
  5305 | D:5      | Gained mutation: You are agile. (Dex +4, Str/Int -1)
                  | [potion of mutation]
  5305 | D:5      | Gained mutation: You are somewhat resistant to further
                  | mutation. [potion of mutation]
  5333 | D:6      | Noticed a green ugly thing
  5353 | D:6      | Killed a green ugly thing
  5354 | D:6      | Reached skill level 5 in Armour
  5574 | D:6      | Found a glowing drain.
  5607 | Sewer    | Entered a sewer
  5639 | Sewer    | Reached **** piety under Trog
  6277 | D:6      | Reached XP level 10. HP: 61/63 MP: 10/10
  7169 | D:7      | Found a staircase to the Ecumenical Temple.
  7689 | D:7      | Reached skill level 5 in Dodging
  8184 | D:8      | Found a staircase to the Lair.
  8226 | D:8      | Reached skill level 11 in Axes
  8562 | D:8      | Reached skill level 1 in Evocations
  9270 | D:9      | Noticed an orange demon
  9306 | D:9      | Killed an orange demon
  9396 | D:9      | Reached XP level 11. HP: 60/67 MP: 11/11
  9477 | D:9      | Reached skill level 12 in Axes
  9931 | D:9      | Found a hazy altar of Hepliaklqana.
 10221 | D:9      | Identified 4 scrolls of acquirement
 10221 | D:9      | Acquired the +2 pair of gloves "Vairushrol" {Rampage rPois
                  | Int+3 Slay+3}
 10245 | D:9      | Acquired the +6 executioner's axe of the Valley {vamp,
                  | Will+ Str+3}
 10249 | D:9      | Acquired a manual of Fighting
 10252 | D:9      | Acquired 712 gold pieces
 10425 | D:10     | Entered Level 10 of the Dungeon
 10664 | D:10     | Found a staircase to the Orcish Mines.
 10781 | D:10     | Reached skill level 13 in Axes
 11232 | D:11     | Found a flickering gateway to a bazaar.
 11237 | Bazaar   | Entered a bazaar
 11237 | Bazaar   | Found Hilets's Antique Armour Shoppe.
 11237 | Bazaar   | Found Oheubuen's Weapon Shoppe.
 11238 | Bazaar   | Found Issi's General Store.
 11238 | Bazaar   | Found Haon's Book Emporium.
 11293 | D:11     | Noticed Snorg
 11317 | D:11     | Killed Snorg
 11576 | D:11     | Noticed a two-headed ogre
 11591 | D:11     | Killed a two-headed ogre
 11649 | D:11     | Noticed a boulder beetle
 11657 | D:11     | Killed a boulder beetle
 11658 | D:11     | Reached XP level 12. HP: 75/76 MP: 12/12
 11739 | D:11     | Noticed a two-headed ogre
 11759 | D:11     | Killed a two-headed ogre
 11760 | D:11     | Reached skill level 14 in Axes
 11789 | D:11     | Reached skill level 10 in Fighting
 12038 | Lair:1   | Entered Level 1 of the Lair of Beasts
 12968 | Lair:2   | Found a hole to the Spider Nest.
 13067 | Lair:2   | Reached skill level 15 in Axes
 13119 | Lair:2   | Found a transporter.
 13127 | Lair:2   | Found a one-way gate to the infinite horrors of the Abyss.
 13127 | Lair:2   | Noticed Curunk's ghost (journeyman HOBe)
 13131 | Lair:2   | Noticed a tentacled starspawn
 13154 | Lair:2   | Found the +8 demon trident "Rift" {distort, reach+}
 13155 | Lair:2   | Noticed a rakshasa
 13159 | Lair:2   | Found a transporter.
 13160 | Lair:2   | Noticed a hell hog
 13180 | Lair:2   | Reached ***** piety under Trog
 14042 | Lair:3   | Reached XP level 13. HP: 88/88 MP: 13/13
 14122 | Lair:3   | Found a staircase to the Swamp.
 14687 | Lair:4   | Reached skill level 16 in Axes
 15163 | Lair:4   | Received a gift from Trog
 15412 | Lair:4   | Reached skill level 15 in Fighting
 15646 | Lair:5   | Entered Level 5 of the Lair of Beasts
 15704 | Lair:5   | Found a staircase to the Slime Pits.
 15830 | Lair:5   | Reached skill level 17 in Axes
 15966 | Lair:5   | Gained mutation: Your large and strong wings let you fly.
                  | [Gargoyle growth]
 15966 | Lair:5   | Reached XP level 14. HP: 96/100 MP: 14/14
 16240 | Lair:5   | Reached skill level 18 in Axes
 16450 | Lair:5   | Found the +5 demon whip "Spellbinder" {antimagic, disrupt,
                  | Will+}
 17067 | D:4      | Killed Gonzollydolly's ghost
 17082 | D:4      | Received a gift from Trog
 17431 | D:12     | Reached skill level 10 in Armour
 17459 | D:12     | Noticed Azrael
 17477 | D:12     | Killed Azrael
 17591 | D:12     | Found a portal to a secret trove of treasure.
 17706 | D:12     | Found a runed translucent door.
 17706 | D:12     | Noticed seren's ghost (journeyman OpSh)
 17780 | D:12     | Noticed Fannar
 17787 | D:12     | Killed Fannar
 17952 | D:12     | Noticed Erolcha
 17958 | D:12     | Killed Erolcha
 18152 | D:12     | Killed seren's ghost
 18227 | Orc:1    | Entered Level 1 of the Orcish Mines
 18245 | Orc:1    | Noticed Jorgrun
 18263 | Orc:1    | Killed Jorgrun
 18863 | Orc:2    | Entered Level 2 of the Orcish Mines
 18865 | Orc:2    | Found a staircase to the Elven Halls.
 18960 | Orc:2    | Found a roughly hewn altar of Beogh.
 19360 | Orc:2    | Found Lijai's Jewellery Shoppe.
 19382 | Orc:2    | Found Rise's Antique Weapon Emporium.
 19417 | Orc:2    | Received a gift from Trog
 19424 | Orc:2    | Found a radiant altar of Vehumet.
 19464 | Orc:2    | Reached XP level 15. HP: 104/104 MP: 15/15
 19470 | Orc:2    | Found an ancient bone altar of Kikubaaqudgha.
 19492 | Orc:2    | Found a roughly hewn altar of Beogh.
 19502 | Orc:2    | Found Narphore's Antique Armour Shoppe.
 19504 | Orc:2    | Found Ebbash's Distillery.
 19822 | Orc:2    | Bought runed gold dragon scales for 2158 gold pieces
 20432 | D:13     | You are sucked into a shaft and drop 2 floors!
 20432 | D:15     | Entered Level 15 of the Dungeon
 20494 | D:15     | Reached skill level 19 in Axes
 20552 | D:15     | Found a staircase to the Depths.
 21303 | D:14     | Found a runed translucent gate.
 21303 | D:14     | Noticed Xeapikeu's ghost (adept TeAE)
 21303 | D:14     | Identified the +8 plate armour of Teevo {Int+6}
 21304 | D:14     | Found a runed translucent gate.
 21305 | D:14     | Found a runed translucent gate.
 21310 | D:14     | Identified the +4 flail of the Unseen Realm {antimagic,
                  | *Rage rPois rF- Dex+8}
 21410 | D:14     | Received a gift from Trog
 21455 | D:14     | Found a sacrificial altar of Ru.
 21551 | D:14     | Found a gate to the Vaults.
 22227 | D:14     | Identified the +1 ring mail of Generosity {Str+2}
 22228 | D:14     | Found a roughly hewn altar of Beogh.
 22260 | D:14     | Killed Xeapikeu's ghost
 22261 | D:14     | Reached skill level 20 in Axes
 22939 | D:15     | Reached XP level 16. HP: 60/110 MP: 16/16
 23364 | Spider:1 | Entered Level 1 of the Spider Nest
 23551 | Spider:1 | Reached skill level 21 in Axes
 24424 | Spider:2 | Received a gift from Trog
 24480 | Spider:2 | Identified the maw talisman of the True Pharaoh {rPois rC+
                  | Will+}
 24814 | Spider:2 | Reached skill level 22 in Axes
 25517 | Spider:3 | Reached ****** piety under Trog
 25517 | Spider:3 | Received a gift from Trog
 25968 | Spider:3 | Reached XP level 17. HP: 113/115 MP: 0/17
 26517 | Spider:3 | Reached skill level 23 in Axes
 26752 | Spider:3 | Upgraded the game from 0.32-a0-705-g60f233581c to
                  | 0.32-a0-711-g016ad743e0
 26963 | Swamp:1  | Entered Level 1 of the Swamp
 26983 | Swamp:1  | Received a gift from Trog
 27503 | Swamp:2  | Identified the serpent talisman "Nowor" {*Slow +Blink rElec
                  | Will-}
 27503 | Swamp:2  | Noticed Aizul
 27588 | Swamp:2  | You are sucked into a shaft and drop 1 floor!
 27590 | Swamp:3  | Found a transporter.
 27764 | Swamp:2  | Killed Aizul
 28376 | Swamp:3  | Reached skill level 24 in Axes
 28450 | Swamp:3  | Found a runed translucent door.
 28522 | Swamp:3  | Reached skill level 5 in Evocations
 28623 | Swamp:3  | Found a transporter.
 28628 | Swamp:3  | Noticed shadizar's ghost (adept DjEE)
 28631 | Swamp:3  | Noticed Nikola
 28643 | Swamp:3  | Killed Nikola
 28651 | Swamp:3  | Received a gift from Trog
 28808 | Swamp:3  | Noticed Bai Suzhen
 28821 | Swamp:3  | Killed Bai Suzhen
 28822 | Swamp:3  | Reached XP level 18. HP: 120/120 MP: 18/18
 29301 | Swamp:3  | Identified the +5 rapier of Calculation {drain, rF- rN++
                  | Will+}
 29443 | Swamp:3  | Killed shadizar's ghost
 29484 | Swamp:3  | Identified the +0 pair of boots of Sif Muna's Hope {rElec
                  | rF+ Str+2}
 29526 | Swamp:4  | Entered Level 4 of the Swamp
 29634 | Swamp:4  | Reached skill level 10 in Evocations
 29770 | Swamp:4  | Noticed the 27-headed Lernaean hydra
 29787 | Swamp:4  | Killed the 26-headed Lernaean hydra
 29835 | Swamp:4  | Paralysed by a fenstrider witch for 2 turns
 30290 | Swamp:4  | Got a decaying rune of Zot
 30528 | Spider:4 | Entered Level 4 of the Spider Nest
 30727 | Spider:4 | Received a gift from Trog
 30843 | Spider:4 | Reached XP level 19. HP: 132/132 MP: 19/19
 30862 | Spider:4 | Identified the +4 whip of the Shrike {elec, Fly rF+ Will-
                  | Dex+4}
 31142 | Spider:4 | Got a gossamer rune of Zot
 31320 | Spider:4 | Identified the +2 robe of Zafuptef {*Corrode *Slow rF+++
                  | Regen+}
 31622 | Elf:1    | Entered Level 1 of the Elven Halls
 31713 | Elf:1    | Reached skill level 15 in Armour
 31870 | Elf:1    | Acquired a manual of Evocations
 32250 | Elf:1    | Noticed Frances
 32263 | Elf:1    | Killed Frances
 32519 | Elf:1    | Paralysed by an air elemental for 1 turns
 32757 | Elf:2    | Identified the +1 war axe "Sojuefa" {flame, +Blink rC+}
                  | (Trog gifted it to you on level 2 of the Elven Halls)
 32757 | Elf:2    | Received a gift from Trog
 33003 | Elf:2    | Found a crumbling gateway.
 33095 | Desolati | Entered the Desolation of Salt
 33246 | Desolati | Received a gift from Trog
 33254 | Desolati | Identified the +0 ring mail of the Hills {Will+ Int+5
                  | Dex+2}
 33269 | Desolati | Reached XP level 20. HP: 142/142 MP: 20/20
 33319 | Desolati | Identified the ring of the Sunfish {*Slow rC+ Dex+2 SInv}
 33458 | Desolati | Received a gift from Trog
 33458 | Desolati | Found the +4 consecrated labrys {holy, Valiant ^Fragile Fly
                  | SInv}
 33491 | Desolati | Identified the ring of Quxuoveohab {Fly rElec Int+3 SInv}
 33495 | Desolati | Identified the +0 ring mail of Neiwkaq {rPois rC- Will-
                  | Str+4}
 33907 | Elf:2    | Found a runed translucent gate.
 33907 | Elf:2    | Found a runed translucent gate.
 33912 | Elf:2    | Found a runed translucent gate.
 34084 | Elf:2    | Received a gift from Trog
 34117 | Elf:2    | HP: 6/142 [+5 vampiric halberd (16)]
 34971 | Vaults:1 | Entered Level 1 of the Vaults
 35177 | Vaults:1 | Found a runed translucent door.
 35179 | Vaults:1 | Noticed Ukhlin's ghost (adept DsMo)
 35215 | Vaults:1 | Noticed Zenata
 35239 | Vaults:1 | Killed Zenata
 35369 | Vaults:1 | Found Koav's Weapon Boutique.
 35567 | Vaults:1 | Received a gift from Trog
 36260 | Vaults:1 | Killed Ukhlin's ghost
 36269 | Vaults:1 | Identified the +6 dagger of Xatteb {antimagic, rElec rPois
                  | Int-2}
 36270 | Vaults:1 | Identified the +0 troll leather armour of the Game Afoot
                  | {rElec rPois Regen+}
 36499 | Vaults:2 | Reached XP level 21. HP: 141/150 MP: 21/21
 36521 | Vaults:2 | Found a magical portal.
 36536 | WizLab   | Entered Cigotuvi's Fleshworks
 36902 | WizLab   | Received a gift from Trog
 36941 | WizLab   | Found the +4 Cigotuvi's embrace {Corpsefed rMiasma ^Drain
                  | rN+}
 37036 | WizLab   | Identified the flux talisman "Wepuzy" {rPois Will+ rCorr
                  | Str-5}
 37042 | WizLab   | Identified the maw talisman "Leiq" {rC- rN+ Int+2 Dex+3}
 37668 | Vaults:2 | Received a gift from Trog
 37828 | Vaults:2 | You are sucked into a shaft and drop 1 floor!
 37929 | Vaults:3 | Identified the +4 lajatang "Ycsumo Soxi" {flame, rF+}
 38504 | Vaults:2 | Found a staircase to the Crypt.
 38511 | Vaults:2 | Acquired the +1 helmet of Litzof {Str+3 Dex+3}
 38595 | Vaults:2 | Reached XP level 22. HP: 160/160 MP: 22/22
 38786 | Vaults:3 | Received a gift from Trog
 39606 | Vaults:4 | Received a gift from Trog
 40431 | Vaults:4 | Found a glowing golden altar of the Shining One.
 40886 | Depths:1 | Entered Level 1 of the Depths
 40886 | Depths:1 | Identified the +2 robe of the Iron City of Dis {rPois rF-
                  | rN+++ rCorr}
 40886 | Depths:1 | Noticed Boris
 40898 | Depths:1 | Killed Boris
 41022 | Depths:1 | Received a gift from Trog
 41116 | Depths:1 | Found a gateway to Hell.
 41900 | Depths:2 | Received a gift from Trog
 41910 | Depths:2 | Noticed Norris
 41967 | Depths:2 | Reached XP level 23. HP: 158/168 MP: 23/23
 42004 | Depths:2 | Identified the +1 arbalest of Pivuutong {antimagic, rElec
                  | Str-3 Int+5}
 42046 | Depths:2 | Noticed a golden dragon
 42059 | Depths:2 | Killed a golden dragon
 42131 | Depths:2 | Killed Norris
 42152 | Depths:2 | Received a gift from Trog
 42454 | Depths:2 | Found a glowing golden altar of the Shining One.
 42532 | Depths:2 | Found a one-way gate leading to the halls of Pandemonium.
 42558 | Depths:2 | Found a blossoming altar of Fedhas.
 42858 | Depths:2 | Acquired 455 gold pieces
 43160 | Orc:2    | Bought a potion of curing for 48 gold pieces
 43160 | Orc:2    | Bought a potion of enlightenment for 80 gold pieces
 43160 | Orc:2    | Bought a potion of heal wounds for 80 gold pieces
 43160 | Orc:2    | Bought a potion of mutation for 128 gold pieces
 43160 | Orc:2    | Bought a potion of curing for 48 gold pieces
 43160 | Orc:2    | Bought a potion of resistance for 160 gold pieces
 43160 | Orc:2    | Bought a potion of lignification for 48 gold pieces
 43538 | Depths:3 | Identified the +6 war axe of Doom {flame, rC+ rN+} (Trog
                  | gifted it to you on level 3 of the Depths)
 43538 | Depths:3 | Received a gift from Trog
 43773 | Depths:3 | Found a large runed translucent door.
 43777 | Depths:3 | Found a large runed translucent door.
 43777 | Depths:3 | Found a large runed translucent door.
 43778 | Depths:3 | Found a large runed translucent door.
 43968 | Depths:3 | Found a large runed translucent door.
 43969 | Depths:3 | Found a large runed translucent door.
 44027 | Depths:3 | Received a gift from Trog
 44036 | Depths:3 | Found a large runed translucent door.
 44037 | Depths:3 | Found a large runed translucent door.
 44196 | Depths:3 | Found a corrupted altar of Lugonu.
 44263 | Depths:4 | Entered Level 4 of the Depths
 44413 | Depths:4 | Noticed a golden dragon
 44430 | Depths:4 | Killed a golden dragon
 44431 | Depths:4 | Reached XP level 24. HP: 178/178 MP: 23/23
 44770 | D:12     | You paid a toll of a +7 demon whip to enter a treasure
                  | trove
 44771 | Trove    | Entered a treasure trove
 44790 | Trove    | Identified the amulet of Fallacy {Acrobat rF+ Str+4}
 45088 | Depths:4 | Found a gate to the Realm of Zot.
 45278 | Depths:4 | Found a one-way gateway to a ziggurat.
 45927 | Vaults:5 | Entered Level 5 of the Vaults
 45953 | Vaults:5 | Received a gift from Trog
 45995 | Vaults:5 | Identified the +7 bardiche of Terra Cotta {pain, rC++}
 46015 | Vaults:5 | Identified the staff "Nyot" {*Slow rElec Dex-4 Conj Air}
 46059 | Vaults:5 | Noticed an ancient lich
 46066 | Vaults:5 | Killed an ancient lich
 46234 | Vaults:5 | Reached skill level 25 in Axes
 46285 | Vaults:5 | Received a gift from Trog
 46364 | Vaults:5 | Noticed an ancient lich
 46372 | Vaults:5 | Identified the ring of Zomaoq {+Blink Dex+6}
 46372 | Vaults:5 | Noticed Margery
 46389 | Vaults:5 | Identified the +10 executioner's axe of Guile {heavy, rElec
                  | Dex+3} (Trog gifted it to you on level 5 of the Vaults)
 46389 | Vaults:5 | Received a gift from Trog
 46404 | Vaults:5 | Reached XP level 25. HP: 184/184 MP: 23/23
 46749 | Vaults:5 | Killed Margery
 46922 | Vaults:5 | Identified the +1 plate armour of Liaxusk {Str-4 Int+7}
 46984 | Vaults:5 | Killed an ancient lich
 46984 | Vaults:5 | Received a gift from Trog
 47089 | Vaults:5 | Identified the +3 scimitar of Luffuip {protect, rElec rCorr
                  | Dex-4 Stlth+}
 47089 | Vaults:5 | Identified the +1 leather armour "Zuuckousk" {Rampage
                  | rCorr}
 47114 | Vaults:5 | Identified the +1 orcbow "Niuwucha" {flame, rPois}
 47143 | Vaults:5 | Identified the ring of Tisyvem {rElec Will- MP+9 Int+5
                  | Stlth+}
 47217 | Vaults:5 | Got a silver rune of Zot
 47747 | Zot:1    | Entered Level 1 of the Realm of Zot
 47821 | Abyss:3  | Cast into level 3 of the Abyss (black draconian knight)
 47867 | Abyss:3  | Noticed an ancient lich
 47876 | Abyss:3  | Killed an ancient lich
 48002 | Abyss:3  | Reached skill level 26 in Axes
 48178 | Zot:3    | Escaped the Abyss
 48400 | Zot:3    | Received a gift from Trog
 48622 | Zot:5    | Entered Level 5 of the Realm of Zot
 48639 | Zot:5    | Noticed an orb of fire
 48652 | Zot:5    | Killed an orb of fire
 48903 | Zot:5    | Reached skill level 27 in Axes
 49026 | Zot:5    | Reached skill level 1 in Throwing
 49035 | Zot:5    | Reached XP level 26. HP: 135/190 MP: 23/23
 49451 | Zot:5    | Noticed a dread lich
 49467 | Zot:5    | Killed a dread lich
 49560 | Zot:5    | Noticed an orb of fire
 49565 | Zot:5    | Gained mutation: You are partially covered in large bone
                  | plates. (SH +4) [an orb of fire]
 49573 | Zot:5    | Killed an orb of fire
 49703 | Zot:5    | Noticed a dread lich
 49719 | Zot:5    | Killed a dread lich
 49801 | Zot:5    | Noticed a dread lich
 49802 | Zot:5    | Noticed a Killer Klown
 49807 | Zot:5    | Got the Orb of Zot
 49954 | Depths:2 | Reached skill level 5 in Throwing
 50052 | D:12     | Received a gift from Trog
 50356 | D:$      | Escaped with the Orb!

Illustrated notes

Levels and vault maps discovered:
D:1:      saegor_arrival_miasma, layout_basic
D:2:      layout_loops_ring
D:3:      layout_basic, mainiacjoe_overflow_large_starburst,
          mainiacjoe_overflow_cross_hatched, nrook_mini_vaults, uniq_robin
D:4:      layout_loops_ring, nicolae_overflow_hidden_temple,
          gammafunk_ghost_icy, grunt_decor_clamped, nicolae_eternal_life,
          uniq_grinder, uniq_menkaure, uniq_blork_the_orc
D:5:      kennysheep_steamy, layout_cave_pools, nicolae_ashenzari_skybound,
          uniq_pikel
D:6:      layout_layer_cave, serial_co_window_serial, co_window_corner_a,
          co_window_corner_a, co_window_paths_b, co_window_of_opportunity_a,
          co_window_corner_a, co_window_paths_a, co_window_paths_b,
          co_window_of_opportunity_b, co_window_2corner, co_window_cross_2,
          co_window_of_opportunity_c, co_window_unsneaky_path_d,
          glass_columns_c, portal_sewer_entry_f, kb_lookout_dungeons_type,
          minmay_crystal_room, serial_bayou_pond_d
D:7:      layout_loops_corners, minmay_temple_entry_junction, serial_glass,
          glass_columns_b, glass_columns_a
D:8:      layout_loops_ring, hellmonk_lair_entry_icy, item_on_display_a
D:9:      layout_basic, nzn_hepliaklqana_mist_gate, dreamdust_mushroom_princess,
          dreamdust_princess_bridge, uniq_amaemon
D:10:     layout_rooms, orc_0_dummy, water_maze_lemuel
D:11:     layout_cave_pools, serial_shops, bzr_entry_safe, serial_column_ruins,
          column_ruins_hut_water, column_ruins_grid_4, column_ruins_open_medium,
          column_ruins_columns_T, column_ruins_grid_1, column_ruins_grid_2,
          column_ruins_columns_straight, uniq_snorg
D:12:     layout_roguey, nicolae_trove_entry_diagonal, hellmonk_ghost_big_iron,
          uniq_fannar, uniq_erolcha, uniq_azrael
D:13:     layout_layer_cave
D:14:     layout_roguey, hangedman_vaults_entry_quadrant_bands,
          biasface_ghost_orc_armoury, nicolae_ru_awakened_eye,
          minmay_misc_feat_chi
D:15:     gammafunk_depths_entry_grave, layout_irregular_city,
          minmay_misc_feat_roman
Lair:1:   layout_roguey
Lair:2:   layout_roguey, spider_nest_entry_funnel_web,
          gammafunk_ghost_abyssal_escape, serial_bayou_pond_c,
          chequers_serial_rivers_micro_e
Lair:3:   layout_regular_city, minmay_swamp_entry_worms, lemuel_fruit_tree,
          serial_bayou_shore_a, lemuel_fruit_fields, grunt_megastairs_1,
          infiniplex_staircase_pool
Lair:4:   layout_gridlike, nicolae_lair_lil_pond, eino_house_with_fridge
Lair:5:   minmay_lair_end_frog_pond, layout_gridlike, slime_entry_2
Swamp:1:  layout_basic_swamp, evilmike_swamp_ruin_house_6
Swamp:2:  layout_basic_swamp, evilmike_swamp_ruin_rubble_1,
          nzn_swamp_dancing_lights, uniq_aizul
Swamp:3:  gammafunk_mikee_crab_dinner, layout_falls_marsh,
          gammafunk_ghost_arena, hangedman_swamp_diagram, uniq_bai_suzhen,
          uniq_nikola
Swamp:4:  swamp_old_school, layout_basic_swamp
Spider:1: nicolae_spider_hilbert_zone_3 [nicolae_spider_hilbert_4_sides_2_open,
          nicolae_spider_hilbert_3_sides_1_open,
          nicolae_spider_hilbert_3_sides_1_open,
          nicolae_spider_hilbert_3_sides_1_open,
          nicolae_spider_hilbert_3_sides_1_open,
          nicolae_spider_hilbert_4_sides_1_open,
          nicolae_spider_hilbert_4_sides_1_open,
          nicolae_spider_hilbert_4_sides_1_open,
          nicolae_spider_hilbert_4_sides_1_open,
          nicolae_spider_hilbert_4_sides_1_open,
          nicolae_spider_hilbert_4_sides_1_open,
          nicolae_spider_hilbert_4_sides_1_open,
          nicolae_spider_hilbert_4_sides_1_open,
          nicolae_spider_hilbert_3_sides_1_open,
          nicolae_spider_hilbert_3_sides_1_open,
          nicolae_spider_hilbert_3_sides_1_open,
          nicolae_spider_hilbert_3_sides_1_open],
          portal_ice_cave_entry_pillars_1
Spider:2: layout_spider_delve
Spider:3: layout_chambers, nicolae_spider_undead_wolf_pack
Spider:4: grunt_spider_rune_island, hellmonk_motheaten_closet
Orc:1:    layout_caves, nicolae_orc_pool_cavern, uniq_jorgrun
Orc:2:    kennysheep_orc_mage_school, layout_caves, minmay_orc_temple_b
Elf:1:    layout_geoelf_grid, hangedman_elven_crosses_minicolossus,
          minivault_14, minmay_misc_feat_ornament, uniq_frances
Elf:2:    nicolae_elf_blades_splatter_lattice [mumra_blade_entry_dagger],
          layout_geoelf_octagon, portal_desolation_entry_twin_temple,
          ebering_dispersal_statue_hall
Vaults:1: ebering_ghost_reflecting_pool, vaults_dpeg_emergency_exit,
          nicolae_vaults_apartment_2, dpeg_vaults_monster_row, v_rooms_4,
          v_alt_pattern_6, nicolae_vaults_mitosis, ontoclasm_vaults_misaligned,
          v_alt_pattern_4, ontoclasm_vaults_gateway, nicolae_vaults_diamond_1,
          v_misc_11, ontoclasm_vaults_spin, nicolae_vaults_tetromino_L_1,
          nicolae_vaults_little_squares_6, nicolae_vaults_hexular_roomagon,
          layout_vaults_omnicross, serial_shops,
          nicolae_shop_bloodbath_and_beyond, uniq_zenata
Vaults:2: mu_enter_wizlab_3, blue_anna_dwarven_crypt, vaults_room_corners,
          nicolae_vaults_tetromino_T_1, vaults_dpeg_hooks,
          nicolae_vaults_apartment_2, nicolae_vaults_theta, v_misc_27,
          nicolae_vaults_wine_cellar, nicolae_vaults_sesquioval_fish,
          nicolae_vaults_heist, layout_vaults_omnigrid
Vaults:3: vaults_mumra_chevron, hangedman_vaults_nodes,
          nicolae_vaults_twisting_passages,
          vaults_standard_mumra_enter_the_diamond, hangedman_vaults_unwind,
          v_alt_pattern_5, v_misc_19, ontoclasm_vaults_claustrophobia,
          nicolae_vaults_surprise_closet, nicolae_vaults_shipping_containers_3,
          layout_vaults_maze_snakey
Vaults:4: ontoclasm_vaults_misaligned, ontoclasm_vaults_fault,
          ontoclasm_vaults_misaligned, lemuel_angel_altar,
          nicolae_vaults_cochlea, v_misc_17, nicolae_vaults_house_3, v_rooms_3,
          v_misc_32, v_misc_25, nicolae_vaults_house_1,
          nicolae_vaults_closet_pinwheel_5, layout_vaults_ring
Vaults:5: uniq_margery
Depths:1: layout_roguey, minmay_misc_feat_tower, grunt_hell_entry_dis_mu,
          kennysheep_boxes, uniq_boris
Depths:2: minmay_the_grid_square_5x5_4x4_mashed [minmay_the_grid_square_5x5_c,
          minmay_the_grid_square_5x5_two_walls_a,
          minmay_the_grid_square_5x5_two_walls_b,
          minmay_the_grid_square_5x5_inner_v,
          minmay_the_grid_square_5x5_beaten_path,
          minmay_the_grid_square_5x5_prize_gold,
          minmay_the_grid_square_5x5_prize_waves,
          minmay_the_grid_square_5x5_pentomino_r,
          minmay_the_grid_square_5x5_three_small,
          minmay_the_grid_square_5x5_prize_monsterx,
          minmay_the_grid_square_5x5_prize_itemx,
          minmay_the_grid_square_5x5_eight_small,
          minmay_the_grid_square_5x5_shrine1,
          minmay_the_grid_square_5x5_gyroscope,
          minmay_the_grid_square_5x5_three, minmay_the_grid_square_5x5_fat_x],
          layout_gridlike, pf_coc_iceberg, tso_metal_star, pan_entry,
          grunt_decor_one_mirror, small_statue_intersection,
          nicolae_twisting_strands, interstate_on_off, uniq_norris
Depths:3: minmay_five_octagons, layout_basic, hell_entry,
          abyss_entry_flame_altar, grunt_pan_entry_spiral
Depths:4: grunt_zot_entry_bicorn, layout_cave_pools, enter_ziggurat_f,
          hell_entry
Zot:1:    layout_misc_corridors
Zot:2:    minmay_elemental_castle, layout_cellular_growth, grunt_megastairs_5
Zot:3:    layout_misc_corridors, grunt_megastairs_2
Zot:4:    layout_onion, regret_index_zotdec_storm_pass, gammafunk_ghost_arena
Zot:5:    layout_cathedral_of_symmetry

Skill      XL: |  1  2  3  4  5  6  7  8  9 10 11 12 13 14 15 16 17 18 19 20 21 22 23 24 25 26 |
---------------+-------------------------------------------------------------------------------+-----
Axes           | 3 4 5 6 7 9 10 11 13 15 17 18 20 22 24 25 27 | 27.0
Fighting       | 4 5 7 9 13 16 18 20 21 23 24 26 | 26.0
Armour         | 6 14 15 17 19 21 23 25 26 | 26.0
Dodging        | 4 5 6 |  6.1
Evocations     | 4 7 10 12 14 | 14.8
Throwing       | 1 5 |  5.1

Action                     |  1- 3 |  4- 6 |  7- 9 | 10-12 | 13-15 | 16-18 | 19-21 | 22-24 | 25-27 || total
---------------------------+-------+-------+-------+-------+-------+-------+-------+-------+-------++-------
  Melee: Hand axe          |   148 |   226 |   364 |   463 |       |       |       |       |       ||  1201
         Executioner's axe |       |       |       |   277 |   775 |   933 |  1044 |  1131 |   565 ||  4725
  Throw: Dart              |       |       |     5 |     8 |       |       |       |       |       ||    13
 Invoke: Berserk           |       |     3 |     9 |     8 |    10 |     8 |    10 |    10 |     4 ||    62
         Trog's Hand       |       |     3 |     4 |     9 |    22 |    12 |    29 |    29 |    17 ||   125
         Brothers in Arms  |       |       |       |       |     5 |     3 |     2 |       |     1 ||    11
  Evoke: Wand              |       |       |       |    13 |     8 |       |     1 |     1 |     4 ||    27
         Phial of floods   |       |       |       |       |       |     1 |       |       |       ||     1
    Use: Scroll            |     1 |     2 |     4 |    18 |     5 |     9 |     7 |     8 |    11 ||    65
         Potion            |       |     1 |     2 |     4 |     2 |       |     1 |       |     3 ||    13
   Stab: Sleeping          |       |     1 |       |       |       |       |       |       |       ||     1
         Distracted        |       |       |       |       |     1 |       |       |     1 |     1 ||     3
 Armour: Animal skin       |    75 |    71 |       |       |       |       |       |       |       ||   146
         Leather armour    |       |    33 |       |       |       |       |       |       |       ||    33
         Scale mail        |       |    39 |   127 |       |       |       |       |       |       ||   166
         Chain mail        |       |       |   118 |   395 |       |       |       |       |       ||   513
         Plate armour      |       |       |       |    91 |   338 |       |       |       |       ||   429
         Gold dragon scale |       |       |       |       |   228 |  1432 |  1052 |  1093 |   709 ||  4514
  Dodge: Dodged            |    99 |   106 |   173 |   511 |   436 |   719 |   484 |   612 |   328 ||  3468
  Block: Other             |       |       |       |       |       |       |       |       |     6 ||     6

Table legend: (Time is in decaauts)
 A = Elapsed time spent in this place.
 B = Non-inter-level travel time spent in this place.
 C = Inter-level travel time spent in this place.
 D = Time resting spent in this place.
 E = Time spent auto-exploring this place.
 F = Levels seen in this place.
 G = Mean time per level.
                   A        B        C        D        E       F      G
               +--------+--------+--------+--------+--------+-----+--------+
         Total |  49840 |  44294 |   5546 |   4307 |  28259 |  52 |  958.5 |
       Dungeon |  17435 |  15052 |   2383 |   1531 |   9926 |  15 | 1162.3 |
          Lair |   5409 |   4862 |    547 |    589 |   3164 |   5 | 1081.8 |
         Swamp |   3207 |   2971 |    236 |    319 |   1827 |   4 |  801.8 |
   Spider Nest |   4476 |   4187 |    289 |    274 |   2921 |   4 | 1119.0 |
  Orcish Mines |   1994 |   1538 |    456 |      5 |   1165 |   2 |  997.0 |
   Elven Halls |   2574 |   2451 |    123 |    355 |   1598 |   2 | 1287.0 |
        Vaults |   6713 |   5866 |    847 |    254 |   4153 |   5 | 1342.6 |
        Depths |   4187 |   3552 |    635 |    214 |   2345 |   4 | 1046.8 |
           Zot |   1691 |   1663 |     28 |    644 |    387 |   5 |  338.2 |
         Abyss |    332 |    332 |      0 |      1 |    162 |   1 |  332.0 |
        Bazaar |     36 |     36 |      0 |      0 |     15 |   1 |   36.0 |
         Trove |     41 |     41 |      0 |      0 |      0 |   1 |   41.0 |
         Sewer |    580 |    580 |      0 |     34 |    236 |   1 |  580.0 |
        Wizlab |    593 |    593 |      0 |     16 |     52 |   1 |  593.0 |
    Desolation |    566 |    566 |      0 |     66 |    306 |   1 |  566.0 |
               +--------+--------+--------+--------+--------+-----+--------+

Top non-repeatable levels by time:
Spider:3: 1751 daAuts
Vaults:1: 1620 daAuts
     D:4: 1569 daAuts
Depths:2: 1530 daAuts
   Elf:2: 1520 daAuts
Vaults:2: 1492 daAuts
Vaults:5: 1423 daAuts
    D:14: 1347 daAuts
   Orc:2: 1347 daAuts
    D:13: 1335 daAuts
     D:8: 1320 daAuts
     D:3: 1237 daAuts
     D:9: 1225 daAuts
  Lair:2: 1211 daAuts
 Swamp:3: 1198 daAuts
